 Dungeon Crawl Stone Soup version 0.29.0-4-gdea44cf6ec (webtiles) character file.

Game seed: 4001602967212508633

144 qw the Chopper (level 5, 0/30 HPs)
             Began as a Tengu Warper on Aug 28, 2022.
             Slain by a gnoll
             ... wielding a +0 spear
             ... led by a gnoll bouda
              (2 damage)
             ... on level 4 of the Dungeon.
             The game lasted 00:00:23 (3480 turns).

qw the Chopper (Tengu Warper)                       Turns: 3480, Time: 00:00:23

Health: 0/30       AC:  5    Str: 13    XL:     5   Next: 26%
Magic:  9/9        EV: 13    Int: 14    God:
Gold:   167        SH:  0    Dex: 13    Spells: 8/8 levels left

rFire   + . .      SeeInvis .   Y - +0 war axe
rCold   . . .      Faith    .   (no shield)
rNeg    . . .      Spirit   .   n - +0 ring mail {rF+}
rPois   .          Reflect  .   (helmet restricted)
rElec   .          Harm     .   i - scarf {repulsion}
rCorr   .          Rampage  .   (no gloves)
Will    .....                   (boots unavailable)
Stlth   +.........              (no amulet)
HPRegen 0.10/turn               (no ring)
MPRegen 0.11/turn               (no ring)

@: weakened, flying quickly and evasively, repel missiles, quick
A: beak, talons 3, nimble flight
a: no special abilities


You were on level 4 of the Dungeon.
You visited 1 branch of the dungeon, and saw 4 of its levels.

You collected 167 gold pieces.


Innate Abilities, Weirdness & Mutations

You have a beak for a mouth.
You have claws for feet.
Your magical nature lets you fly swiftly and evasively.


   Skills:
 - Level 2.0 Fighting
 + Level 5.8 Axes
 - Level 1.0 Throwing
 - Level 1.1 Armour
 - Level 2.1 Dodging
 - Level 2.0 Spellcasting
 - Level 2.4 Translocations


You had 8 spell levels left.
You didn't know any spells.
Your spell library contained the following spells:

 Spells                   Type           Power      Damage    Failure   Level
 Blink                    Tloc           16%        N/A       28%         2
 Gell's Gravitas          Tloc           8%         N/A       50%         3
 Lesser Beckoning         Tloc           8%         N/A       50%         3
 Teleport Other           Tloc           8%         N/A       50%         3
 Manifold Assault         Tloc           8%         N/A       99%         5

Inventory:

Hand Weapons
 e - a +0 whip
 Y - a +0 war axe (weapon)
Missiles
 b - 3 boomerangs (quivered)
Armour
 c - the +3 chain mail of Makiduc {rF+ rN+ Str+2 Stlth+}
   (You found it on level 4 of the Dungeon)

   Str:       It affects your strength (+2).
   rF:        It protects you from fire.
   rN:        It protects you from negative energy.
   Stlth:     It makes you more stealthy.
 i - a scarf of repulsion (worn)
 n - a +0 ring mail of fire resistance (worn)
Jewellery
 a - a ring of ice
Potions
 d - a potion of haste {unknown}
 g - a potion of invisibility {unknown}
 h - a potion of flight {unknown}
 j - a potion of curing {unknown}
 k - a potion of mutation {unknown}
 p - a potion of heal wounds {unknown}

Dungeon Overview and Level Annotations

Branches:
Dungeon (4/15)
 Temple: D:4-7

Altars:
Xom
Yredelemnul


Message History

You hit the gnoll. Your kick misses the gnoll.
The gnoll is moderately wounded.
The gnoll completely misses you.
A gnoll comes into view. It is wielding a +0 whip.
The gnoll misses you.
You hit the gnoll. Your kick misses the gnoll.
The gnoll is almost dead.
The gnoll bouda barks out a call to the hunt!
The gnolls pick up the pace!
The gnoll closely misses you. The gnoll misses you.
An adder comes into view.
The gnoll closely misses you.
The adder hisses angrily.
You hit the gnoll bouda.
The gnoll bouda is lightly wounded.
The gnoll misses you. The gnoll barely misses you.
You hit the gnoll bouda.
You peck the gnoll bouda, but do no damage.
The gnoll bouda is lightly wounded.
The gnoll hits you from afar with a +0 spear.
The gnoll bouda hits you with a +0 club!
The gnoll closely misses you.
You hit the gnoll bouda but do no damage.
Your kick misses the gnoll bouda.
The gnoll bouda is lightly wounded.
The gnoll barely misses you. The gnoll bouda closely misses you.
The gnoll barely misses you.
You slash the gnoll bouda! You claw the gnoll bouda.
The gnoll bouda is severely wounded.
The gnoll barely misses you.
The gnoll bouda gazes fiercely through you!
You feel your attacks grow feeble. The gnoll bouda closely misses you.
The gnoll misses you. The gnoll hits you but does no damage.
You barely miss the gnoll bouda. Your kick misses the gnoll bouda.
The gnoll bouda is severely wounded.
The gnoll bouda hits you with a +0 club.
The gnoll closely misses you.
The gnoll hits you from afar with a +0 spear.
You die...

#.#
#####.#
#.....#
#.#####
#.# #.#
#)# #.#
#@# #g#


ggg .#g## ..... .. #.# ##. #.# # #.# You could see a gnoll bouda, 3 gnolls and a
hobgoblin.

Vanquished Creatures
  Robin (D:3)
  A gnoll (D:4)
  An adder (D:3)
  4 worms
  4 dart slugs
  2 orcs (D:3)
  4 ball pythons
  8 endoplasms
  8 giant cockroaches
  12 hobgoblins
  7 kobolds
  7 quokkas
  5 bats
  2 frilled lizards (D:1)
  15 goblins
  6 rats
87 creatures vanquished.

Notes
Turn   | Place    | Note
-------+----------+-------------------------------------------
     0 | D:1      | qw the Tengu Warper began the quest for the Orb.
     0 | D:1      | Reached XP level 1. HP: 12/12 MP: 4/4
     0 | D:1      | 0 ||| qw: Version: 0.1-a-89-g26bdef1
     0 | D:1      | 0 ||| qw: Game counter: 1129
     0 | D:1      | 0 ||| qw: Always use a shield: true
     0 | D:1      | 0 ||| qw: God list: Okawaru
     0 | D:1      | 0 ||| qw: Allow faded altars: false
     0 | D:1      | 0 ||| qw: Do Orc after D:15 true
     0 | D:1      | 0 ||| qw: Do second Lair branch before Depths: true
     0 | D:1      | 0 ||| qw: Lair rune preference: random
     0 | D:1      | 0 ||| qw: Plans: Normal
     0 | D:1      | 0 ||| PLANNING D:1-11
   101 | D:1      | Reached XP level 2. HP: 17/17 MP: 6/6
   132 | D:1      | Reached skill level 3 in Axes
   145 | D:1      | 145 ||| Stepping ~*~*~tactically~*~*~ (stealth).
   147 | D:1      | 147 ||| Stepping ~*~*~tactically~*~*~ (stealth).
   148 | D:1      | 148 ||| Stepping ~*~*~tactically~*~*~ (stealth).
   530 | D:1      | Found a faded altar of an unknown god.
   617 | D:1      | Reached XP level 3. HP: 13/21 MP: 7/7
   897 | D:1      | Reached skill level 4 in Axes
  1294 | D:1      | 1294 ||| Stepping ~*~*~tactically~*~*~ (stealth).
  1303 | D:1      | 1303 ||| Stepping ~*~*~tactically~*~*~ (stealth).
  1367 | D:1      | 1367 ||| READING scroll labelled VITICA BIYST.
  1368 | D:1      | 1368 ||| READING scroll labelled KUTIDGHE YQUIGE.
  1369 | D:1      | 1369 ||| READING scroll labelled WYCINL IJOOTZ.
  1372 | D:1      | 1372 ||| DROPPING scroll of blinking.
  1602 | D:2      | 1602 ||| Stepping ~*~*~tactically~*~*~ (hiding).
  1704 | D:2      | 1704 ||| FLEEEEING.
  1705 | D:2      | 1705 ||| FLEEEEING.
  1706 | D:2      | 1706 ||| FLEEEEING.
  1707 | D:2      | 1707 ||| FLEEEEING.
  1708 | D:2      | 1708 ||| FLEEEEING.
  1709 | D:2      | 1709 ||| FLEEEEING.
  1710 | D:2      | 1710 ||| FLEEEEING.
  1711 | D:2      | 1711 ||| FLEEEEING.
  1712 | D:2      | 1712 ||| FLEEEEING.
  1713 | D:2      | 1713 ||| FLEEEEING.
  1714 | D:2      | 1714 ||| FLEEEEING.
  1771 | D:2      | Reached XP level 4. HP: 22/26 MP: 8/8
  1826 | D:2      | You fall into a shaft and drop 2 floors!
  1878 | D:4      | 1878 ||| UPGRADING to +0 ring mail.
  1888 | D:4      | 1888 ||| DROPPING +0 leather armour.
  2065 | D:3      | Found a shimmering altar of Xom.
  2076 | D:3      | 2076 ||| Stepping ~*~*~tactically~*~*~ (stealth).
  2115 | D:3      | 2115 ||| Stepping ~*~*~tactically~*~*~ (stealth).
  2116 | D:3      | 2116 ||| Stepping ~*~*~tactically~*~*~ (stealth).
  2180 | D:3      | 2180 ||| Stepping ~*~*~tactically~*~*~ (hiding).
  2373 | D:3      | 2373 ||| DROPPING orb of wrath.
  2393 | D:2      | 2393 ||| Stepping ~*~*~tactically~*~*~ (stealth).
  2394 | D:2      | 2394 ||| SWAPPING to +0 war axe.
  2399 | D:2      | 2399 ||| DROPPING +0 hand axe.
  2489 | D:2      | Reached skill level 5 in Axes
  2569 | D:2      | 2569 ||| UPGRADING to scarf of repulsion.
  2675 | D:3      | 2675 ||| Stepping ~*~*~tactically~*~*~ (stealth).
  2678 | D:3      | 2678 ||| Stepping ~*~*~tactically~*~*~ (stealth).
  2682 | D:3      | 2682 ||| Stepping ~*~*~tactically~*~*~ (stealth).
  2699 | D:3      | 2699 ||| Stepping ~*~*~tactically~*~*~ (stealth).
  2701 | D:3      | 2701 ||| Stepping ~*~*~tactically~*~*~ (stealth).
  2708 | D:3      | 2708 ||| Stepping ~*~*~tactically~*~*~ (hiding).
  2718 | D:3      | Noticed Robin
  2727 | D:3      | Killed Robin
  2910 | D:3      | Found a basalt altar of Yredelemnul.
  2961 | D:3      | 2961 ||| Stepping ~*~*~tactically~*~*~ (stealth).
  2968 | D:3      | Gained mutation: Your magical nature lets you fly swiftly
                  | and evasively. [Tengu growth]
  2968 | D:3      | Reached XP level 5. HP: 30/30 MP: 9/9
  3008 | D:3      | 3008 ||| FLEEEEING.
  3010 | D:3      | 3010 ||| FLEEEEING.
  3013 | D:3      | 3013 ||| FLEEEEING.
  3014 | D:3      | 3014 ||| FLEEEEING.
  3016 | D:3      | 3016 ||| FLEEEEING.
  3017 | D:3      | 3017 ||| FLEEEEING.
  3018 | D:3      | 3018 ||| FLEEEEING.
  3020 | D:3      | 3020 ||| FLEEEEING.
  3022 | D:3      | 3022 ||| FLEEEEING.
  3023 | D:3      | 3023 ||| FLEEEEING.
  3024 | D:3      | 3024 ||| FLEEEEING.
  3029 | D:3      | 3029 ||| FLEEEEING.
  3030 | D:3      | 3030 ||| FLEEEEING.
  3031 | D:3      | 3031 ||| FLEEEEING.
  3032 | D:3      | 3032 ||| FLEEEEING.
  3033 | D:3      | 3033 ||| FLEEEEING.
  3034 | D:3      | 3034 ||| FLEEEEING.
  3035 | D:3      | 3035 ||| FLEEEEING.
  3036 | D:3      | 3036 ||| FLEEEEING.
  3037 | D:3      | 3037 ||| FLEEEEING.
  3038 | D:3      | 3038 ||| FLEEEEING.
  3039 | D:3      | 3039 ||| FLEEEEING.
  3040 | D:3      | 3040 ||| FLEEEEING.
  3041 | D:3      | 3041 ||| FLEEEEING.
  3042 | D:3      | 3042 ||| FLEEEEING.
  3043 | D:3      | 3043 ||| FLEEEEING.
  3044 | D:3      | 3044 ||| FLEEEEING.
  3045 | D:3      | 3045 ||| FLEEEEING.
  3269 | D:3      | 3269 ||| UPGRADING to +0 ring mail of fire resistance.
  3279 | D:3      | 3279 ||| DROPPING +0 ring mail.
  3280 | D:3      | 3280 ||| READING scroll labelled VYMPEOPEXO.
  3281 | D:3      | 3281 ||| READING scroll labelled PAEMULIWAS.
  3282 | D:3      | 3282 ||| READING scroll labelled NECLIO PUEBI.
  3417 | D:4      | Identified the +3 chain mail of Makiduc {rF+ rN+ Str+2
                  | Stlth+}
  3477 | D:4      | HP: 3/30 [gnoll bouda/+0 club (10)]
  3480 | D:4      | Slain by a gnoll

Levels and vault maps discovered:
D:1:      mrwooster_arrival_statue_3, layout_basic,
          chequers_ecumenical_altar_grove
D:2:      layout_rooms
D:3:      layout_loops_ring, mainiacjoe_overflow_brackets, lemuel_crystal_altar,
          serial_bayou_pond_e, uniq_robin
D:4:      layout_loops_ring, beargit_hepliaklqana_dungeon_heroes

Skill      XL: |  1  2  3  4 |
---------------+-------------+-----
Axes           | 3 4 5 |  5.8
Fighting       | |  2.0
Throwing       | |  1.0
Armour         | |  1.1
Dodging        | |  2.1
Spellcasting   | |  2.0
Translocations | |  2.4

Action                   |  1- 3 |  4- 6 || total
-------------------------+-------+-------++-------
Melee: Hand axe          |    96 |    25 ||   121
       Kick              |    24 |    16 ||    40
       Peck              |    19 |    12 ||    31
       Punch             |     1 |       ||     1
       War axe           |       |    59 ||    59
Throw: Boomerang         |     7 |    53 ||    60
  Use: Scroll            |     3 |     3 ||     6
Armor: Leather armour    |    16 |       ||    16
       Ring mail         |       |    21 ||    21
Dodge: Dodged            |    39 |    41 ||    80

Table legend:
 A = Non-vault XP
 B = Vault XP
 C = Vault XP percentage of total XP
 D = Non-vault monster count
 E = Vault monster count
 F = Vault count percentage of total count
                 A         B        C        D         E       F
            +---------+---------+-------+---------+---------+-------
      Total |     170 |      36 |  17.5 |      74 |      13 |  14.9
            +---------+---------+-------+---------+---------+-------
        D:1 |      52 |       0 |   0.0 |      30 |       0 |   0.0
        D:2 |      35 |       0 |   0.0 |      14 |       0 |   0.0
        D:3 |      60 |      36 |  37.5 |      23 |      13 |  36.1
        D:4 |      23 |       0 |   0.0 |       7 |       0 |   0.0
            +---------+---------+-------+---------+---------+-------
